 Dungeon Crawl Stone Soup version 0.22.1-6-g1668fe2 (webtiles) character file.

23 Fang the Skirmisher (level 2, -2/28 HPs)
             Began as a Gargoyle Berserker on Feb 7, 2019.
             Was a Follower of Trog.
             Slain by a worm (3 damage)
             ... on level 2 of the Dungeon.
             The game lasted 00:03:46 (1291 turns).

Fang the Skirmisher (Gargoyle Berserker)            Turns: 1291, Time: 00:03:47

Health: -2/28      AC:  6    Str: 25    XL:     2   Next: 95%
Magic:  2/2        EV: 12    Int:  7    God:    Trog [*.....]
Gold:   46         SH:  0    Dex:  9    Spells: 1/1 levels left

rFire    . . .     SeeInvis .   a - +0 hand axe
rCold    . . .     Gourm    .   (no shield)
rNeg     + . .     Faith    .   b - +0 animal skin
rPois    ∞         Spirit   .   k - +1 hat
rElec    +         Reflect  .   (no cloak)
rCorr    .         Harm     .   (no gloves)
MR       .....                  (no boots)
Stlth    ..........             (no amulet)
HPRegen  0.09/turn              (no ring)
MPRegen  0.08/turn              (no ring)

@: berserking, very quick
A: negative energy resistance 1, electricity resistance, unbreathing,
petrification resistance, rot immunity, AC +2
a: Berserk, Renounce Religion


You were on level 2 of the Dungeon.
You worshipped Trog.
Trog was aware of your devotion.
You were near starving.

You visited 1 branch of the dungeon, and saw 2 of its levels.

You collected 46 gold pieces.

Inventory:

Hand Weapons
 a - a +0 hand axe (weapon)
Armour
 b - a +0 animal skin (worn)
 k - a +1 hat (worn)
Scrolls
 e - a scroll of fog {unknown}
 h - a scroll of remove curse {unknown}
 i - 3 scrolls of identify {unknown}
 l - a scroll of fear {unknown}
 n - a scroll of teleportation {unknown}
Potions
 f - a potion of heal wounds {unknown}
 g - 2 potions of curing {unknown}
 j - a potion of lignification {unknown}
 m - a potion of might {unknown}
Comestibles
 c - 3 rations


   Skills:
 + Level 3.6 Fighting
 + Level 2.9 Axes
 + Level 2.6 Armour
 + Level 2.0 Dodging


You had one spell level left.
You didn't know any spells.
Your spell library was empty.

Dungeon Overview and Level Annotations

Branches:
Dungeon (2/15)

Altars:
Fedhas


Innate Abilities, Weirdness & Mutations

You are resistant to torment.
Your stone body is resilient. (AC +2)
You are immune to poison.
You resist negative energy. (rN+)
You are resistant to electric shocks. (rElec)
You can survive without breathing.
You are immune to petrification.
You are immune to rotting.


Message History

You are too injured to fight recklessly!
You are too injured to fight recklessly!
You are too injured to fight recklessly!
You are too injured to fight recklessly!
You hit the worm but do no damage.
The worm is moderately wounded.
You closely miss the quokka. The quokka closely misses you. The worm bites you!
* * * LOW HITPOINT WARNING * * *
You hit the worm.
The worm is heavily wounded.
You hit the quokka but do no damage. The quokka barely misses you. x2
You hit the worm.
The worm is severely wounded.
You hit the quokka but do no damage. The worm barely misses you.
The quokka closely misses you.
A red film seems to cover your vision as you go berserk!
You feel yourself moving faster!
You feel mighty!
You are near starving!
The quokka misses you. The worm bites you.
You die...

#.#..PP.......##. ###
#.#.P_........##. ..
#.#P.P.P......##. #.
#.#.PP........##.
##.##.#.########.....
#.........# #.....
#.........# #.....
#.........# #.....
#(..@.....# #.....
#..rw.....# #.....
#.........# ######
#.........#
#.........#
#.........#
..........#
...........#


You could see a worm and a quokka.

Vanquished Creatures
  A worm (D:2)
  A ball python (D:1)
  3 giant cockroaches
  4 goblins
  A hobgoblin (D:1)
  3 kobolds (D:1)
  4 bats (D:1)
  A frilled lizard (D:2)
  3 rats
  2 fungi (D:2)
23 creatures vanquished.

Vanquished Creatures (others)
  A fungus (D:2)
1 creature vanquished.

Grand Total: 24 creatures vanquished

Notes
Turn   | Place    | Note
-------+----------+-------------------------------------------
     0 | D:1      | Fang the Gargoyle Berserker began the quest for the Orb.
     0 | D:1      | Reached XP level 1. HP: 14/14 MP: 1/1
     4 | D:1      | Noticed a draconian
     4 | D:1      | Noticed an elf
     6 | D:1      | Noticed a vampire
    12 | D:1      | Noticed a gargoyle
    12 | D:1      | Noticed a human
    14 | D:1      | Noticed a halfling
    14 | D:1      | Noticed a minotaur
    16 | D:1      | Noticed a tengu
    22 | D:1      | Noticed a spriggan
    22 | D:1      | Noticed a felid
    24 | D:1      | Noticed a formicid
    24 | D:1      | Noticed an ogre
    30 | D:1      | Noticed an octopode
    30 | D:1      | Noticed a demigod
    32 | D:1      | Noticed a merfolk
    32 | D:1      | Noticed a centaur
    34 | D:1      | Noticed a naga
    34 | D:1      | Noticed a ghoul
    36 | D:1      | Noticed a vine stalker
    36 | D:1      | Noticed a demonspawn
    38 | D:1      | Noticed a troll
    38 | D:1      | Noticed a dwarf
   132 | D:1      | Reached XP level 2. HP: 16/19 MP: 2/2
  1206 | D:2      | Found a blossoming altar of Fedhas.
  1291 | D:2      | Slain by a worm

Skill      XL: |  1  2 |
---------------+-------+-----
Dodging        | 2 |  2.0
Fighting       | |  3.6
Axes           | |  2.9
Armour         | |  2.6

Action                   || total
-------------------------++-------
Melee: Hand axe          ||    87
Invok: Berserk           ||     2
  Eat: Chunk             ||     1
Armor: Animal skin       ||    27
Dodge: Dodged            ||    59
